 Dungeon Crawl Stone Soup version 0.13-a0-2527-g93fcdc4 (webtiles) character file.

862 Kae the Ruinous (level 7, -2/36 HPs)
             Began as a Tengu Fire Elementalist on July 25, 2013.
             Was an Initiate of Vehumet.
             Killed from afar by a white imp (7 damage)
             ... with a puff of frost
             ... summoned by Eustachio
             ... on Level 4 of the Dungeon.
             The game lasted 00:10:41 (5690 turns).

Kae the Ruinous (Tengu Fire Elementalist)           Turns: 5690, Time: 00:10:41

HP  -2/36        AC  4     Str  8      XL: 7   Next: 69%
MP   0/17        EV 12     Int 17      God: Vehumet [......]
Gold 146         SH  0     Dex 15      Spells:  3 memorised,  7 levels left

Res.Fire  : . . .   See Invis. : .   v - +0,+1 orc scimitar
Res.Cold  : . . .   Warding    : .   a - +1 robe
Life Prot.: . . .   Conserve   : .   (no shield)
Res.Poison: .       Res.Corr.  : .   (helmet restricted)
Res.Elec. : .       Clarity    : .   u - +0 cloak
Sust.Abil.: . .     Spirit.Shd : +   (no gloves)
Res.Mut.  : .       Stasis     : .   (boots unavailable)
Res.Rott. : .       Flight     : .   y - cursed amulet of guardian spirit
Saprovore : . . .                    (no ring)
                                     (no ring)

@: slightly resistant to hostile enchantments, fairly stealthy
A: able to fly, beak, talons 3
a: Fly, Renounce Religion


You were on level 4 of the Dungeon.
You worshipped Vehumet.
Vehumet was pleased with you.
You were not hungry.

You visited 2 branches of the dungeon, and saw 5 of its levels.

You collected 126 gold pieces.

Inventory:

Hand weapons
 v - a +0,+1 orcish scimitar (weapon)
Armour
 a - a +1 robe (worn)
 u - a +0 cloak (worn)
Comestibles
 c - 2 bread rations
 l - a chunk of gnoll flesh
Scrolls
 d - a scroll of magic mapping
 e - 3 scrolls of fog
 g - a scroll of recharging {unknown}
 m - a scroll of noise
 p - 3 scrolls of identify
Jewellery
 y - a cursed amulet of guardian spirit (around neck)
Potions
 f - a potion of restore abilities {unknown}
 i - 2 potions of curing
 j - 2 potions of agility
 k - 2 potions of speed {unknown}
 q - a potion of degeneration {unknown}
 s - a potion of poison {unknown}
 z - a potion of flight {unknown}
Books
 b - a book of Flames

   Spells                             Type                      Level
   *Flame Tongue                      Conjuration/Fire             1
   *Throw Flame                       Conjuration/Fire             2
   *Conjure Flame                     Conjuration/Fire             3
   Inner Flame                        Hexes/Fire                   3
   Sticky Flame                       Conjuration/Fire             4
   Fireball                           Conjuration/Fire             5


   Skills:
 - Level 2.1 Dodging
 - Level 2.0 Stealth
 + Level 3.9 Spellcasting
 * Level 7.6 Conjurations
 + Level 5.3 Fire Magic


You had 7 spell levels left.
You knew the following spells:

 Your Spells              Type           Power        Failure   Level  Hunger
a - Flame Tongue          Conj/Fire      ####.        1%          1    None
b - Throw Flame           Conj/Fire      ####..       1%          2    ##.....
c - Conjure Flame         Conj/Fire      ####....     4%          3    ###....


Dungeon Overview and Level Annotations

Branches:
Dungeon (4/27)             Temple (1/1) D:4

Altars:
Ashenzari
Cheibriados
Elyvilon
Fedhas
Okawaru
Sif Muna
Trog
Vehumet
Xom
Yredelemnul
Zin
the Shining One

Annotations
D:3 Sigmund


Innate Abilities, Weirdness & Mutations

You can fly.
You have a beak for a mouth.
You have claws for feet.


Message History

Eustachio is almost dead.
Eustachio hits you with a sabre. The iron imp hits you!
The white imp gestures at you. The puff of frost hits you!
* * * LOW HITPOINT WARNING * * *
Drink which item? (? for menu, Esc to quit)
You feel much better. Eustachio hits you with a sabre.
The white imp hits you but does no damage.
The iron imp barely misses you.
You barely miss Eustachio. You claw Eustachio.
You kill Eustachio!
Vehumet accepts your kill.
The white imp hits you but does no damage.
The iron imp hits you. The white imp gestures at you.
The puff of frost hits you!
* * * LOW HITPOINT WARNING * * *
The white imp gestures at you. The puff of frost hits you!
You die...

###.#≈#.###.# *, #######.
,,#.#≈#.#...# *,* #....)..
*,###≈###...# *,* #.######
*,,,........# *,* #%#
,***#.###...### #.#######.#
,∩,.......(...# #(....<...#
*,,.........#.# #########.#
,,*........)#5############.######
,***#.#####.#...@.........#......
** *,* #.##############.######
*,****#.# ### *,,,,,..# ******###


You could see a white imp.

Vanquished Creatures
  Eustachio (D:4)
  An ogre (D:4)
  A hound (D:4)
  An orc priest (D:4)
  A scorpion (D:4)
  2 orc wizards
  3 worker ants (D:4)
  An iguana (D:3)
  A jelly (D:4)
  7 gnolls
  8 adders
  3 worms
  A giant mite (D:3)
  An adder zombie (D:4)
  An adder skeleton (D:4)
  3 giant geckos
  An ooze (D:4)
  15 orcs
  4 giant cockroaches
  9 goblins
  6 hobgoblins
  A quokka (D:3)
  5 bats
  A giant gecko skeleton (D:3)
  2 giant newts
  7 kobolds
  7 rats
94 creatures vanquished.

Notes
Turn   | Place    | Note
--------------------------------------------------------------
     0 | D:1      | Kae, the Tengu Fire Elementalist, began the quest for the Orb.
     0 | D:1      | Reached XP level 1. HP: 10/10 MP: 3/3
   173 | D:1      | Reached XP level 2. HP: 15/15 MP: 3/5
   758 | D:1      | Reached XP level 3. HP: 17/19 MP: 4/7
   919 | D:2      | Found a blossoming altar of Fedhas.
  1557 | D:2      | Reached XP level 4. HP: 20/24 MP: 6/9
  1621 | D:2      | Reached skill level 4 in Conjurations
  2475 | D:3      | Reached XP level 5. HP: 11/28 MP: 3/11
  2770 | D:2      | Learned a level 2 spell: Throw Flame
  2774 | D:2      | Learned a level 3 spell: Conjure Flame
  2898 | D:3      | Reached skill level 5 in Conjurations
  3302 | D:3      | Found a deep blue altar of Sif Muna.
  3363 | D:3      | Noticed Sigmund
  3794 | D:3      | Reached XP level 6. HP: 30/32 MP: 12/14
  4124 | D:4      | Reached skill level 6 in Conjurations
  4408 | D:4      | Found a staircase to the Ecumenical Temple.
  4415 | Temple   | Entered the Ecumenical Temple
  4563 | Temple   | Became a worshipper of Vehumet
  4825 | D:4      | Reached XP level 7. HP: 36/36 MP: 5/17
  5416 | D:4      | Reached skill level 5 in Fire Magic
  5607 | D:4      | Reached skill level 7 in Conjurations
  5670 | D:4      | Noticed Eustachio
  5682 | D:4      | HP: 1/36 [white imp/puff of frost[Eustachio] (13)]
  5684 | D:4      | Killed Eustachio
  5690 | D:4      | Killed from afar by a white imp

Action                   |  1- 3 |  4- 6 |  7- 9 || total
-------------------------+-------+-------+-------++-------
Melee: Unarmed           |    22 |       |       ||    22
       Scimitar          |       |    13 |     4 ||    17
 Cast: Flame Tongue      |    52 |   116 |    48 ||   216
       Throw Flame       |       |     9 |     7 ||    16
       Conjure Flame     |       |     1 |     3 ||     4
 Abil: Fly               |       |       |     1 ||     1
  Use: Scroll            |       |    12 |       ||    12
       Potion            |       |     1 |     2 ||     3
 Stab: Sleeping          |     2 |       |       ||     2
